 Dungeon Crawl Stone Soup version 0.30-a0-956-gcec3b41aec (webtiles) character file.

Game seed: 12336671272071109525

109 Demosthentine the Ducker (level 4, -1/34 HPs)
             Began as a Demonspawn Gladiator on Mar 29, 2023.
             Killed from afar by Natasha (10 damage)
             ... with a magic dart
             ... on level 3 of the Dungeon.
             The game lasted 00:02:04 (2065 turns).

Demosthentine the Ducker (Demonspawn Gladiator)     Turns: 2065, Time: 00:02:04

Health: -1/34      AC:  5    Str: 16    XL:     4   Next: 59%
Magic:  4/4        EV: 12    Int:  9    God:
Gold:   100        SH:  5    Dex: 15    Spells: 3/3 levels left

rFire   . . .      SeeInvis .      - Unarmed
rCold   . . .      Faith    .    (no shield)
rNeg    . . .      Spirit   .    b - +0 leather armour
rPois   .          Reflect  +    c - +0 helmet
rElec   .          Rampage  .    (no cloak)
rCorr   .                        (no gloves)
Will    .....                    a - +0 pair of boots
Stlth   +                        h - amulet of reflection
HPRegen 0.25/turn                (no ring)
MPRegen 0.09/turn                (no ring)

@: no status effects
A: claws 1, powered by death 1
a: no special abilities


You were on level 3 of the Dungeon.
You visited 1 branch of the dungeon, and saw 3 of its levels.

You collected 100 gold pieces.

Inventory:

Missiles
 d - 3 throwing nets (quivered)
 e - a javelin
Armour
 a - a +0 pair of boots (worn)
 b - a +0 leather armour (worn)
 c - a +0 helmet (worn)
Jewellery
 h - an amulet of reflection (around neck)
Wands
 j - a wand of iceblast (8)
Scrolls
 f - a scroll of identify
 m - 2 scrolls of fog {unknown}
 n - a scroll of amnesia {unknown}
 o - a scroll of teleportation
Potions
 g - a potion of attraction
 i - a potion of curing
 k - a potion of magic {unknown}
 l - 2 potions of lignification {unknown}
 p - 2 potions of heal wounds {unknown}


   Skills:
 + Level 2.9 Fighting
 - Level 2.8 Polearms
 - Level 1.7 Throwing
 + Level 1.7 Armour
 + Level 3.3 Dodging
 + Level 1.5 Unarmed Combat


You had 3 spell levels left.
You didn't know any spells.
Your spell library was empty.

Dungeon Overview and Level Annotations

Branches:
Dungeon (3/15)

Altars:
Sif Muna

Shops:
D:2 [

Annotations:
D:3 Natasha


Innate Abilities, Weirdness & Mutations

You have sharp fingernails.
You regenerate a little health from kills.


Message History

* * * LOW HITPOINT WARNING * * *
You completely miss Natasha.
Natasha is lightly wounded.
You block Natasha's attack.
You feel better. Natasha closely misses you.
You barely miss Natasha.
Natasha is lightly wounded.
Natasha claws you but does no damage.
You closely miss Natasha.
Natasha is lightly wounded.
Natasha claws you.
You scratch Natasha.
Natasha is lightly wounded.
Natasha closely misses you.
You closely miss Natasha.
Natasha is lightly wounded.
Natasha barely misses you.
You scratch Natasha.
Natasha is moderately wounded.
Natasha mumbles some strange words.
The crimson imp blinks!
You scratch Natasha.
Natasha is heavily wounded.
Natasha claws you but does no damage.
You barely miss Natasha.
Natasha is heavily wounded.
Natasha closely misses you.
You closely miss Natasha.
Natasha is heavily wounded.
Natasha closely misses you.
You scratch Natasha but do no damage.
Natasha is heavily wounded.
Natasha stares at you and mumbles some strange words.
The magic dart hits you!
* * * LOW HITPOINT WARNING * * *
You scratch Natasha but do no damage.
Natasha is heavily wounded.
Natasha stares at you and mumbles some strange words.
The magic dart hits you!
You die...

.#.########### #..>...#
..#..........#
#..#.############
##.#########.#
#................ #.# #.#
##..###.###...... #.# #.#
#..# #.....####. #.# #.#
#..###.##### #. #.# #.#
#......# #. #.#
######.#####5#..### ## ##.##
#...[.....@h5#..#
#...###.####.#######..######
#.#.....# #.# #...))..#
#...#####
#.#######.#####.###### #####
#.....#..............#
#####.#..###....[.....
#.#..# #.##.#..#.#
#.#..###.##.#..#.#
#........##.#..#..


You could see Natasha, a crimson imp (summoned) and a shadow imp (summoned).

Vanquished Creatures
  Natasha (twice) (D:3)
  An adder (D:3)
  A dart slug (D:1)
  4 orcs
  3 ball pythons (D:1)
  3 endoplasms (D:1)
  2 giant cockroaches
  3 goblins
  5 hobgoblins
  7 jackals
  A quokka (D:1)
  2 bats
  2 frilled lizards
  5 kobolds
  A rat (D:1)
42 creatures vanquished.

Vanquished Creatures (others)
  A fungus (D:2)
  A plant (D:2)
2 creatures vanquished.

Grand Total: 44 creatures vanquished

Notes
Turn   | Place    | Note
-------+----------+-------------------------------------------
     0 | D:1      | Demosthentine the Demonspawn Gladiator began the quest for
                  | the Orb.
     0 | D:1      | Reached XP level 1. HP: 16/16 MP: 1/1
   110 | D:1      | Gained mutation: You have sharp fingernails. [demonic
                  | ancestry]
   110 | D:1      | Reached XP level 2. HP: 22/22 MP: 2/2
   349 | D:1      | Reached skill level 1 in Armour
   349 | D:1      | Reached skill level 3 in Dodging
   717 | D:2      | Gained mutation: You regenerate a little health from kills.
                  | [demonic ancestry]
   717 | D:2      | Reached XP level 3. HP: 26/28 MP: 3/3
   777 | D:2      | Found a faded altar of an unknown god.
   989 | D:2      | Found Lecset's Antique Armour Shop.
  1379 | D:3      | Found a shimmering blue altar of Sif Muna.
  1476 | D:3      | Reached skill level 1 in Unarmed Combat
  1732 | D:3      | Noticed Natasha
  1746 | D:3      | Killed Natasha
  1747 | D:3      | Reached XP level 4. HP: 29/34 MP: 4/4
  1998 | D:3      | Noticed Natasha
  2009 | D:3      | Killed Natasha
  2039 | D:3      | Noticed Natasha
  2065 | D:3      | Killed from afar by Natasha

Illustrated notes

Levels and vault maps discovered:
D:1:      dpeg_chamrin_arrival_tetris, layout_basic, fountainhead
D:2:      layout_loops_ring, shapermc_ecumenical_altar_gd, serial_shops,
          shop_statue
D:3:      layout_loops_ring, mainiacjoe_overflow_brackets,
          minmay_tree_intersection, uniq_natasha

Skill      XL: |  1  2  3 |
---------------+----------+-----
Armour         | 1 |  1.7
Dodging        | 3 |  3.3
Unarmed Combat | 1 |  1.5
Fighting       | |  2.9
Polearms       | |  2.8
Throwing       | |  1.7

Action                     |  1- 3 |  4- 6 || total
---------------------------+-------+-------++-------
  Melee: Trident           |    14 |       ||    14
         Unarmed           |   151 |    41 ||   192
         Punch             |     4 |       ||     4
    Use: Scroll            |     4 |       ||     4
         Potion            |       |     2 ||     2
 Armour: Leather armour    |    42 |     8 ||    50
  Dodge: Dodged            |    90 |    30 ||   120
  Block: Other             |    24 |    10 ||    34

Table legend: (Time is in decaauts)
 A = Elapsed time spent in this place.
 B = Non-inter-level travel time spent in this place.
 C = Inter-level travel time spent in this place.
 D = Time resting spent in this place.
 E = Time spent auto-exploring this place.
 F = Levels seen in this place.
 G = Mean time per level.
                   A        B        C        D        E       F      G
               +--------+--------+--------+--------+--------+-----+--------+
         Total |   2073 |   2051 |     22 |      9 |   1631 |   3 |  691.0 |
       Dungeon |   2073 |   2051 |     22 |      9 |   1631 |   3 |  691.0 |
               +--------+--------+--------+--------+--------+-----+--------+

Top non-repeatable levels by time:
     D:3: 703 daAuts
     D:1: 697 daAuts
     D:2: 672 daAuts
